 Dungeon Crawl Stone Soup version 0.31.0-12-g77e489cdc1 (webtiles) character file.

Game seed: 152841447485379358

1170 Farlane the Ruffian (level 8, -1/63 HPs)
             Began as a Grey Draconian Shapeshifter on Feb 13, 2024.
             Was an Initiate of Qazlal.
             Slain by an unseen horror (3 damage)
             ... on level 5 of the Dungeon.
             The game lasted 00:08:37 (4716 turns).

Farlane the Ruffian (Grey Draconian Shapeshifter)   Turns: 4716, Time: 00:08:38

Health: -1/63      AC: 11    Str: 18    XL:     8   Next: 17%
Magic:  8/8        EV: 12    Int: 12    God:    Qazlal [......]
Gold:   252        SH:  0    Dex: 10    Spells: 7/7 levels left

rFire   . .          .
                       - Unarmed
rCold   . . .        (no shield)
rNeg    . . .        (body armour unavailable)
rPois   .            (helmet currently unavailable)
rElec   .            (cloak currently unavailable)
rCorr   .            (gloves currently unavailable)
SInv    .            (boots currently unavailable)
Will    .....        (no amulet)
Stlth   ++           (no ring)
HPRegen 0.30/turn    (no ring)
MPRegen 0.11/turn

%: no passive effects
@: about to teleport, beast-form
A: beast (slay +3), AC +11, amphibious, unfitting armour, cold-blooded
a: Begin Untransformation, Renounce Religion


You were on level 5 of the Dungeon.
You worshipped Qazlal.
Qazlal was noncommittal.
You were a hulking beast.
You visited 2 branches of the dungeon, and saw 6 of its levels.

You collected 252 gold pieces.

Inventory:

Missiles
 l - 8 boomerangs (quivered)
Armour
 g - a scarf of harm
Jewellery
 p - a ring of magical power
Talismans
 b - a beast talisman
 c - a flux talisman
Wands
 k - a wand of acid (10)
Scrolls
 d - a scroll of torment {unknown}
 e - a scroll of fog {unknown}
 f - 2 scrolls of teleportation
 j - a scroll of blinking {unknown}
 n - a scroll of vulnerability {unknown}
 o - a scroll of revelation {unknown}
 s - a scroll of enchant weapon {unknown}
 t - a scroll of immolation {unknown}
Potions
 a - 2 potions of lignification
 h - a potion of brilliance
 i - a potion of curing {unknown}
 m - 2 potions of invisibility
 q - a potion of ambrosia {unknown}
 r - a potion of mutation {unknown}


   Skills:
 + Level 3.3 Fighting
 + Level 3.8 Dodging
 - Level 1.6 Stealth
 * Level 7.0 Unarmed Combat
 * Level 5.6 Shapeshifting


You had 7 spell levels left.
You didn't know any spells.
Your spell library contained the following spells:

 Spells                   Type           Power      Damage    Failure   Level
 Apportation              Tloc           0%         N/A       32%         1
 Freeze                   Ice            0%         1d3       32%         1
 Magic Dart               Conj           0%         1d3       32%         1
 Necrotise                Necr           0%         1d4       32%         1
 Sting                    Conj/Alch      0%         1d3       32%         1
 Summon Small Mammal      Summ           0%         N/A       32%         1
 Jinxbite                 Hex            0%         N/A       45%         2
 Scorch                   Fire           0%         2d5       45%         2
 Searing Ray              Conj           0%         2d4       45%         2
 Frozen Ramparts          Ice            0%         1d1       69%         3
 Hailstorm                Conj/Ice       0%         3d5       69%         3
 Flame Wave               Conj/Fire      0%         2d4       97%         4
 Fulminant Prism          Conj/Alch      0%         3d5       97%         4
 Yara's Violent Unravell  Hex/Alch       0%         3d3       100%        5
 Summon Cactus Giant      Summ           0%         N/A       100%        6
 Enfeeble                 Hex            0%         N/A       100%        7


Dungeon Overview and Level Annotations

Branches:
Dungeon (5/15)             Temple (1/1) D:5

Altars:
Cheibriados
Elyvilon
Gozag
Hepliaklqana
Kikubaaqudgha
Makhleb
Nemelex Xobeh
Qazlal
Ru
Sif Muna
Xom
Yredelemnul
Zin

Shops:
D:3 :


Innate Abilities, Weirdness & Mutations

You are a hulking beast.
Your limbs bulge with bestial killing power. (Slay +3)
Your dull iron-grey scales are very hard. (AC +11)
You are amphibious.
You cannot fit into any form of body armour.
You are cold-blooded and may be slowed by cold attacks.


Message History

No target in view!
No target in view!
No target in view!
No target in view!
No target in view!
No target in view!
No target in view!
No target in view!
No target in view!
No target in view!
No target in view!
No target in view!
No target in view!
You miss something. Something hits you.
You closely miss something. Something hits you.
Something hits you but does no damage.
You hit something. You tail-slap something.
Something hits you but does no damage. Something completely misses you.
You punch something! Something hits you. Something hits you but does no damage.
Something hits you.
You closely miss something. Something hits you but does no damage.
Something hits you. Something hits you but does no damage. Something hits you!
Something hits you but does no damage. Something hits you!
You miss something.
Your tail-slap misses something.
You punch something. Something hits you but does no damage. Something hits you!
You hit something. Your punch misses something. Something hits you.
You miss something. Something hits you!
* * * LOW HITPOINT WARNING * * *
Something hits you but does no damage.
You punch something! Something hits you!
* * * LOW HITPOINT WARNING * * *
Okay, then.
As you read the scroll of teleportation, it crumbles to dust.
You feel strangely unstable. Something hits you.
* * * LOW HITPOINT WARNING * * *
Something hits you.
You die...

##### # # ######
.....######
.#####....# .##
#.88.#######
..####.88.##...)###
.....'....#.####..#
..#..####'#.####h.#
......##.)#)##..###
....####..#.##..###
.#.## #.####.###..#
.#.# #.# #.###..#
.#.# #†# #.#$?###
.#.# #.####.#)[#.#
### #.#
##....#####.# #.# #
#.# ###### #.# #..
.


There were no monsters in sight!

Vanquished Creatures
  An orc warrior (D:5)
  A black bear (D:4)
  An ogre (D:5)
  A centaur (D:5)
  A phantom (D:5)
  A gnoll sergeant (D:4)
  5 hounds
  An orc priest (D:3)
  An iguana (D:4)
  Natasha (thrice) (D:2)
  4 orc wizards
  7 gnolls
  7 adders
  2 ribbon worms
  4 dart slugs
  23 orcs
  11 endoplasms
  3 giant cockroaches
  12 goblins
  16 hobgoblins
  7 jackals
  9 kobolds
  2 quokkas
  7 ball pythons
  5 bats
  4 frilled lizards
  10 rats
149 creatures vanquished.

Notes
Turn   | Place    | Note
-------+----------+-------------------------------------------
     0 | D:1      | Farlane the Draconian Shapeshifter began the quest for the
                  | Orb.
     0 | D:1      | Reached XP level 1. HP: 16/16 MP: 1/1
    90 | D:1      | Reached XP level 2. HP: 13/23 MP: 2/2
   316 | D:1      | Reached XP level 3. HP: 28/28 MP: 3/3
   701 | D:2      | Noticed Natasha
   708 | D:2      | Killed Natasha
   729 | D:2      | Reached XP level 4. HP: 26/35 MP: 4/4
   777 | D:2      | Noticed Natasha
   792 | D:2      | Killed Natasha
   793 | D:2      | Reached skill level 4 in Unarmed Combat
  1235 | D:2      | Noticed Natasha
  1244 | D:2      | Killed Natasha
  1245 | D:2      | Reached XP level 5. HP: 37/40 MP: 5/5
  1406 | D:2      | Reached skill level 1 in Stealth
  1650 | D:3      | Found Ukhei's Book Shop.
  1818 | D:3      | Found a white marble altar of Elyvilon.
  1853 | D:3      | Reached skill level 5 in Unarmed Combat
  2236 | D:3      | Reached XP level 6. HP: 47/47 MP: 6/6
  2403 | D:3      | Found a shimmering altar of Xom.
  3008 | D:4      | Your scales start taking on a dull iron-grey colour.
  3008 | D:4      | Reached XP level 7. HP: 32/55 MP: 7/7
  3442 | D:4      | Reached skill level 6 in Unarmed Combat
  3542 | D:5      | Entered Level 5 of the Dungeon
  3572 | D:5      | Found a staircase to the Ecumenical Temple.
  3698 | Temple   | Entered the Ecumenical Temple
  3763 | Temple   | Became a worshipper of Qazlal Stormbringer
  3851 | D:5      | Reached skill level 5 in Shapeshifting
  4634 | D:5      | Reached XP level 8. HP: 62/63 MP: 8/8
  4666 | D:5      | Reached skill level 7 in Unarmed Combat
  4715 | D:5      | HP: 2/63 [something (3)]
  4716 | D:5      | Slain by an unseen horror

Illustrated notes

Levels and vault maps discovered:
D:1:      wander_arrival_abandoned_jail, layout_rooms, minmay_heptomino_w4
D:2:      layout_loops_ring, minmay_tripent, uniq_natasha
D:3:      corexii_shack_village, layout_rooms, elyvilon_altar_1,
          lemuel_tele_altar, serial_shops, nicolae_shop_trees
D:4:      layout_cave_pools, minmay_misc_feat_nine_boxes, st_stairs_6,
          minivault_26, serial_bayou_ford_a
D:5:      minmay_chambers_of_fours, layout_loops_ring, minitemple,
          minmay_temple_entry_mini_moons, kennysheep_path_1
Temple:   nicolae_temple_bog_church

Skill      XL: |  1  2  3  4  5  6  7  8 |
---------------+-------------------------+-----
Dodging        | 2 3 |  3.8
Unarmed Combat | 4 5 6 7 |  7.0
Shapeshifting  | 4 5 |  5.6
Stealth        | 1 |  1.6
Fighting       | 2 3 |  3.3

Action                     |  1- 3 |  4- 6 |  7- 9 || total
---------------------------+-------+-------+-------++-------
  Melee: Unarmed           |    75 |   226 |   148 ||   449
         Tailslap          |     8 |    24 |    14 ||    46
         Punch             |     1 |     6 |     7 ||    14
    Use: Scroll            |       |     4 |     1 ||     5
         Potion            |       |     1 |     2 ||     3
   Stab: Sleeping          |       |     1 |       ||     1
 Armour: Skin              |    45 |   152 |   112 ||   309
  Dodge: Dodged            |    53 |   129 |    71 ||   253
